 Dungeon Crawl Stone Soup version 0.29-a0-82-g837932c90e (webtiles) character file.

Game seed: 11458845761242151720

7 cyrus the Grave Robber (level 2, 0/20 HPs)
             Began as a Ghoul Necromancer on Feb 4, 2022.
             Slain by a jackal (3 damage)
             ... on level 1 of the Dungeon.
             The game lasted 00:00:52 (95 turns).

cyrus the Grave Robber (Ghoul Necromancer)            Turns: 95, Time: 00:00:52

Health: 0/20       AC:  2    Str: 11    XL:     2   Next: 4%
Magic:  2/3        EV: 12    Int: 10    God:
Gold:   0          SH:  0    Dex:  9    Spells: 3/4 levels left

rFire   . . .      SeeInvis .   (no weapon)
rCold   + . .      Faith    .   (no shield)
rNeg    + + +      Spirit   .   a - +0 robe
rPois   ∞          Reflect  .   (no helmet)
rElec   .          Harm     .   (no cloak)
rCorr   .          Rampage  .   (no gloves)
Will    .....                   (no boots)
Stlth   ++........              (no amulet)
HPRegen 0.00/turn               (no ring)
MPRegen 0.08/turn               (no ring)

@: inhibited regen
A: claws 1, cold resistance 1, negative energy resistance 3, inhibited
regeneration, torment resistance 2
a: no special abilities


You were on level 1 of the Dungeon.
You visited 1 branch of the dungeon, and saw 1 of its levels.

Inventory:

Armour
 a - a +0 robe (worn)
Potions
 b - a potion of berserk rage {unknown}


   Skills:
 + Level 1.8 Dodging
 + Level 2.2 Stealth
 + Level 1.9 Spellcasting
 + Level 4.2 Necromancy


You had 3 spell levels left.
You knew the following spells:

 Your Spells              Type           Power      Damage    Failure   Level
a - Pain                  Necr           36%        1d5       5%          1

Your spell library contained the following spells:

 Spells                   Type           Power      Damage    Failure   Level
 Animate Skeleton         Necr           18%        N/A       5%          1
 Vampiric Draining        Necr           9%         2d6       16%         3
 Animate Dead             Necr           4%         N/A       47%         4
 Agony                    Necr           9%         N/A       83%         5


Dungeon Overview and Level Annotations

Branches:
Dungeon (1/15)

Altars:


Innate Abilities, Weirdness & Mutations

You thrive by killing the living.
You are immune to poison.
You have sharp fingernails.
Your flesh is cold resistant. (rC+)
You are immune to negative energy. (rN+++)
You do not regenerate when monsters are visible.
You are immune to unholy pain and torment.


Message History

The jackal bites you but does no damage.
The jackal bites you.
You scratch the jackal but do no damage.
The jackal barely misses you. x2
An endoplasm comes into view.
You barely miss the jackal. The jackal bites you. x2
The jackal barely misses you. x2
The endoplasm quivers.
You scratch the jackal. Your claw misses the jackal.
The jackal is severely wounded.
The jackal closely misses you. The jackal bites you.
* * * LOW HITPOINT WARNING * * *
You scratch the jackal.
You kill the jackal!
The jackal barely misses you.
Found 3 atropa-tipped darts.
The jackal closely misses you.
The jackal bites you but does no damage.
The endoplasm hits you.
* * * LOW HITPOINT WARNING * * *
You see here a jackal corpse.
You scratch the endoplasm.
The endoplasm is severely wounded.
The jackal closely misses you.
A dart slug comes into view.
The endoplasm hits you but does no damage.
You scratch the endoplasm.
You kill the endoplasm!
The jackal barely misses you.
The jackal bites you but does no damage.
You have reached level 2!
You scratch the jackal.
The jackal is severely wounded.
The jackal barely misses you. The jackal closely misses you.
You scratch the jackal.
The jackal is almost dead.
The jackal bites you but does no damage.
You scratch the jackal but do no damage.
The jackal is almost dead.
The jackal barely misses you. The jackal bites you.
You die...

.. .....##.### #.####
.............####
#.....# ..w.............
.......#...###..........
..(........##########...
.......w##....# ##..
........##....###..# ##.
........##.........# #.
.......@h†....# ...####.
.......###....# #.......
#...... #....# #.....##
##.##.. #.(..###..##...
# ..####.....##..####.
................#####
.#......####..........
.....###. ####....... .
.. ...........


You could see a dart slug and a jackal.

Vanquished Creatures
  3 endoplasms (D:1)
  2 jackals (D:1)
  A rat (D:1)
6 creatures vanquished.

Notes
Turn   | Place    | Note
-------+----------+-------------------------------------------
     0 | D:1      | cyrus the Ghoul Necromancer began the quest for the Orb.
     0 | D:1      | Reached XP level 1. HP: 14/14 MP: 2/2
    91 | D:1      | Reached XP level 2. HP: 3/20 MP: 1/3
    95 | D:1      | Slain by a jackal

Illustrated notes

Levels and vault maps discovered:
D:1:      scummos_arrival_checkerplants, layout_rooms

Action                   || total
-------------------------++-------
Melee: Unarmed           ||    15
 Cast: Pain              ||     2
Armor: Robe              ||     5
Dodge: Dodged            ||    17

Table legend: (Time is in decaauts)
 A = Elapsed time spent in this place.
 B = Non-inter-level travel time spent in this place.
 C = Inter-level travel time spent in this place.
 D = Time resting spent in this place.
 E = Time spent auto-exploring this place.
 F = Levels seen in this place.
 G = Mean time per level.
                   A        B        C        D        E       F      G
               +--------+--------+--------+--------+--------+-----+--------+
         Total |     95 |     95 |      0 |      0 |     50 |   1 |   95.0 |
       Dungeon |     95 |     95 |      0 |      0 |     50 |   1 |   95.0 |
               +--------+--------+--------+--------+--------+-----+--------+

Top non-repeatable levels by time:
     D:1: 95 daAuts
